 Dungeon Crawl Stone Soup version 0.27-a0-1590-g15f69828bf (webtiles) character file.

Game seed: 2463365605453294233

89156 wakim the Nimble (level 16, -18/112 HPs)
             Began as a Djinni Ice Elementalist on July 18, 2021.
             Was the Champion of Makhleb.
             Demolished by a death yak (21 damage)
             ... on level 6 of the Lair of Beasts on July 19, 2021.
             The game lasted 01:10:36 (24926 turns).

wakim the Nimble (Djinni Ice Elementalist)         Turns: 24926, Time: 01:10:36

Health: -18/112    AC: 21    Str:  7    XL:     16   Next: 43%
Gold:   1428       EV: 18    Int: 23    God:    Makhleb [******] SH: 12 Dex: 15

rFire    + + +     SeeInvis +   b - +2 rapier (elec)
rCold    x . .     Faith    .   s - +0 kite shield
rNeg     . . .     Spirit   .   i - +5 robe of Night {Dark Will+ SInv}
rPois    ∞         Reflect  .   d - +2 helmet {SInv}
rElec    .         Harm     +   n - scarf {harm}
rCorr    .         Rampage  .   B - +1 pair of gloves
Will     +++..                  (boots unavailable)
Stlth    +++.......             z - amulet of the acrobat
HPRegen  0.28/turn              g - ring of protection from fire
MPRegen  0.00/turn              o - ring "Bienaeti" {Will+ Slay+3}

@: ice-armoured, freezing walls, flying
A: sickness immunity, fire resistance 2, cold vulnerability 1, float, innate
caster, hp casting, extra vitality 1
a: Renounce Religion, Minor Destruction, Lesser Servant of Makhleb, Major
Destruction, Greater Servant of Makhleb


You were on level 6 of the Lair of Beasts.
You worshipped Makhleb.
Makhleb was exalted by your worship.
You visited 3 branches of the dungeon, and saw 19 of its levels.
You also visited: Bailey.

You collected 1428 gold pieces.

Inventory:

Hand Weapons
 a - a +3 scimitar of freezing
 b - a +2 rapier of electrocution (weapon)
Missiles
 k - a curare-tipped dart {=f}
 q - a throwing net {=f!f}
Armour
 c - a +1 robe of the Archmagi
 d - a +2 helmet of see invisible (worn)
 i - the +5 robe of Night (worn) {Dark Will+ SInv}
   (You found it on level 4 of the Dungeon)

   It shrouds the wearer in darkness, reducing the range at which they can see
   and be seen by others.
   SInv:      It lets you see invisible.
   Will:      It increases your willpower.
 n - a scarf of harm (worn)
 s - a +0 kite shield (worn)
 B - a +1 pair of gloves (worn)
Magical Staves
 h - a staff of cold
Jewellery
 e - a ring of protection from cold
 f - a ring of resist corrosion
 g - a ring of protection from fire (left hand)
 j - a ring of fire
 m - a ring of ice
 o - the ring "Bienaeti" (right hand) {Will+ Slay+3}
   (You found it on level 4 of the Dungeon)

   [ring of willpower]

   Slay:      It affects your accuracy & damage with ranged weapons and melee
   (+3).
   Will:      It increases your willpower.
 z - an amulet of the acrobat (around neck)
 H - a ring of protection from fire
Wands
 t - a wand of digging (7)
 v - a wand of flame (16)
 x - a wand of iceblast (41)
 y - a wand of paralysis (4)
Scrolls
 l - 2 scrolls of brand weapon
 r - a scroll of acquirement {unknown}
 u - a scroll of enchant armour
 w - 2 scrolls of immolation {unknown}
 G - 6 scrolls of enchant weapon
 T - 9 scrolls of teleportation
 V - a scroll of vulnerability {!r!r}
 X - a scroll of fog
Potions
 p - 5 potions of heal wounds
 A - a potion of ambrosia
 D - 5 potions of brilliance
 E - 2 potions of cancellation
 F - 9 potions of curing
 I - a potion of invisibility
 L - 2 potions of lignification {!q}
 N - 7 potions of might
 O - a potion of resistance


   Skills:
 + Level 9.3 Fighting
 + Level 5.7 Short Blades
 + Level 12.8 Dodging
 + Level 4.6 Stealth
 + Level 12.8 Shields
 * Level 11.3 Spellcasting
 * Level 9.1 Invocations


You had one spell level left.
You knew the following spells:

 Your Spells              Type           Power      Damage    Failure   Level
a - Freeze                Ice            100%       1d11      1%          1
b - Frozen Ramparts       Ice            100%       1d12      1%          3
c - Ozocubu's Armour      Ice            60%        N/A       1%          3
d - Hailstorm             Conj/Ice       60%        3d13      1%          4
e - Summon Small Mammal   Summ           100%       N/A       1%          1
f - Inner Flame           Hex/Fire       60%        N/A       1%          3
g - Cause Fear            Hex            30%        N/A       1%          4
h - Petrify               Tmut/Erth      60%        N/A       1%          4
i - Silence               Hex/Air        30%        N/A       1%          5
j - Death Channel         Necr           30%        N/A       10%         6
x - Poisonous Vapours     Pois/Air       100%       N/A       1%          2
Your spell library was empty.

Dungeon Overview and Level Annotations

Branches:
Dungeon (12/15)            Temple (1/1) D:6            Lair (6/6) D:11
 Shoals (0/4) Lair:2       Spider (0/4) Lair:3          Orc (0/2) D:10
 Bailey (visited)
  Slime: Lair:5-6

Altars:
Ashenzari
Cheibriados
Dithmenos
Elyvilon
Fedhas
Gozag
Hepliaklqana
Kikubaaqudgha
Makhleb
Nemelex Xobeh
Okawaru
Qazlal
Ru
Sif Muna
Trog
Uskayaw
Vehumet
Wu Jian
Xom
Yredelemnul
Zin
The Shining One

Shops:
D:6 *

Annotations:
D:7 2 transporters, askman's ghost, novice DsFi
Lair:3 exclusion: 3 oklob plants
Lair:5 exclusion: 2 oklob plants


Innate Abilities, Weirdness & Mutations

You are immune to sickness and miasma.
You are immune to poison.
Your flesh is very heat resistant. (rF++)
You are vulnerable to cold. (rC-)
You float through the air rather than walking.
You learn spells naturally, not from books.
Your magical power is your life essence.
You have superior vitality. (+4 HP)


Message History

Casting: Hailstorm (mildly dangerous; 1% risk of failure)
Confirm with . or Enter, or press ? or * to list all spells.
A film of ice covers your body!
* * * LOW HITPOINT WARNING * * *
Casting: Ozocubu's Armour (safe; 1% risk of failure)
Confirm with . or Enter, or press ? or * to list all spells.
The walls around you are covered in ice.
* * * LOW HITPOINT WARNING * * *
Casting: Frozen Ramparts (safe; 1% risk of failure)
Confirm with . or Enter, or press ? or * to list all spells.
Aiming: Inner Flame (safe; 1% risk of failure)
Press: ? - help, Shift-Dir - straight line, f - death yak
Aim: a death yak (lightly wounded, chance to affect: 43%)
The death yak is filled with an inner flame.
* * * LOW HITPOINT WARNING * * *
The wall freezes the death yak.
Flame seeps out of the death yak.
You barely miss the death yak.
The death yak is lightly wounded.
The wall freezes the death yak!
The wall freezes the death yak.
Flame seeps out of the death yak.
The death yak gores you.
* * * LOW HITPOINT WARNING * * *
You hit the death yak.
Flame seeps out of the death yak.
The death yak is lightly wounded.
The death yak is engulfed in blazing flames.
The wall freezes the death yak.
You hit the death yak but do no damage.
The death yak is lightly wounded.
The death yak is engulfed in blazing flames.
Flame seeps out of the death yak.
The wall freezes the death yak!
Flame seeps out of the death yak.
You block the death yak's attack.
The wall freezes the death yak!
The death yak gores you!
* * * LOW HITPOINT WARNING * * *
You barely miss the death yak.
The death yak is heavily wounded.
The death yak is engulfed in blazing flames.
Flame seeps out of the death yak.
The wall freezes the death yak.
Flame seeps out of the death yak.
The death yak gores you!!
* * * LOW HITPOINT WARNING * * *
The wall freezes the death yak!
The death yak gores you!!
You die...

####### ## #♣≈≈##.....##.#
#PP≈≈≈##......## ♣♣
≈≈≈≈≈≈≈........# .♣♣
♣≈≈≈≈≈♣......... ..♣♣
#####♣♣≈...≈♣......... (..♣♣♣#
####.#.#...............<.
......###......###.........).....
♣♣.............Y@................
♣♣♣.......##.PY#..............#.
♣♣#.#..#####.###..............
###.## ####.............[. ###
##.............. #..............
###............ #............
#.#.........#


You could see 2 death yaks.

Vanquished Creatures
  Nessos (Lair:4)
  Harold (Lair:1)
  2 catoblepae
  10 hydras
  2 two-headed ogres
  A centaur warrior (D:9)
  8 death yaks
  A fire crab (Lair:5)
  An orc knight (Bailey)
  A deep elf pyromancer (D:9)
  A necromancer (D:11)
  3 manticores
  14 elephants
  4 black mambas
  A guardian serpent (D:12)
  A torpor snail (Lair:6)
  7 cane toads
  3 gargoyles
  Maggie (D:8)
  Psyche (D:11)
  A kobold demonologist (D:11)
  2 trolls
  10 komodo dragons
  A wind drake (Lair:2)
  2 jumping spiders (Lair:3)
  A polar bear (Lair:1)
  16 blink frogs
  Grinder (D:5)
  A snapping turtle (shapeshifter) (Lair:6)
  A shadow (D:10)
  3 redbacks (Lair:3)
  4 wyverns
  9 basilisks
  53 yaks
  4 vampire mosquitoes (D:11)
  2 chaos spawn (Lair:6)
  2 acid dragons
  13 water moccasins
  7 orc warriors
  A sky beast (D:5)
  A hornet zombie (D:5)
  An ice beast (D:6)
  A necrophage (D:6)
  9 wolves
  An ogre (D:6)
  A centaur (D:5)
  3 kobold brigands
  12 bullfrogs
  3 gnoll sergeants
  6 scorpions
  A water moccasin zombie (D:5)
  2 small abominations (Lair:6)
  A water moccasin skeleton (D:7)
  27 killer bees
  13 wights
  7 centaur zombies
  A bullfrog zombie (D:5)
  A jelly (D:8)
  A gnoll shaman (D:7)
  A bullfrog skeleton (D:5)
  2 hounds (D:6)
  9 orc priests
  A centaur skeleton (D:6)
  Ijyb (D:3)
  2 iguanas (D:6)
  8 orc wizards
  7 hell rats (Lair:3)
  A scorpion zombie (D:5)
  4 polar bear simulacra (D:11)
  4 wolf simulacra (D:11)
  A howler monkey zombie (D:5)
  14 gnolls
  9 adders
  A white imp (D:6)
  4 dart slugs
  48 orcs
  3 endoplasms
  5 giant cockroaches
  7 hobgoblins
  8 jackals
  5 quokkas
  5 ball pythons
  5 bats
  A frilled lizard (D:3)
  14 goblins
  33 kobolds
  4 rats
  3 river rat simulacra (D:11)
500 creatures vanquished.

Vanquished Creatures (others)
  A yak (Lair:5)
  27 fungi
  40 plants
  5 withered plants (D:5)
73 creatures vanquished.

Grand Total: 573 creatures vanquished

Notes
Turn   | Place    | Note
-------+----------+-------------------------------------------
     0 | D:1      | wakim the Djinni Ice Elementalist began the quest for the
                  | Orb.
     0 | D:1      | Reached XP level 1. HP: 15/15 MP: 0/0
   325 | D:1      | Reached XP level 2. HP: 10/21 MP: 0/0
   870 | D:1      | Found a faded altar of an unknown god.
  1233 | D:2      | Reached XP level 3. HP: 23/25 MP: 0/0
  1233 | D:2      | Learned a level 1 spell: Summon Small Mammal
  2124 | D:3      | Reached XP level 4. HP: 25/31 MP: 0/0
  2201 | D:3      | Noticed Ijyb
  2210 | D:3      | Killed Ijyb
  2211 | D:3      | Reached skill level 1 in Fighting
  2597 | D:3      | Found a broken altar of Ashenzari.
  2627 | D:3      | Reached XP level 5. HP: 34/37 MP: 0/0
  2627 | D:3      | Learned a level 2 spell: Poisonous Vapours
  3367 | D:4      | Identified the ring "Bienaeti" {Will+ Slay+3}
  3411 | D:4      | Reached XP level 6. HP: 43/43 MP: 0/0
  3451 | D:4      | Found the +5 robe of Night {Dark Will+ SInv}
  3781 | D:5      | Entered Level 5 of the Dungeon
  3796 | D:5      | Identified the +3 ring mail of Springtime {SInv}
  4072 | D:5      | Reached skill level 5 in Spellcasting
  4072 | D:5      | Reached XP level 7. HP: 28/49 MP: 0/0
  4072 | D:5      | Learned a level 3 spell: Inner Flame
  4640 | D:5      | Noticed Grinder
  4647 | D:5      | Killed Grinder
  4648 | D:5      | Reached skill level 5 in Dodging
  4648 | D:5      | Reached XP level 8. HP: 5/56 MP: 0/0
  5477 | D:5      | Found a sparkling altar of Nemelex Xobeh.
  5482 | D:5      | Found a hide-covered altar of Uskayaw.
  5485 | D:5      | Found a stormy altar of Qazlal.
  5487 | D:5      | Found an ornate altar of the Wu Jian Council.
  5505 | D:5      | Found a glowing golden altar of the Shining One.
  6250 | D:6      | Reached XP level 9. HP: 36/63 MP: 0/0
  6250 | D:6      | Learned a level 4 spell: Cause Fear
  6438 | D:6      | Reached skill level 5 in Fighting
  6796 | D:6      | Found a staircase to the Ecumenical Temple.
  7475 | D:6      | Found Giuhiarr's Serpentskin Sales.
  7544 | Temple   | Entered the Ecumenical Temple
  7735 | Temple   | Became a worshipper of Makhleb the Destroyer
  8065 | D:7      | Reached skill level 1 in Invocations
  8250 | D:7      | Noticed a troll
  8255 | D:7      | Killed a troll
  8256 | D:7      | Reached XP level 10. HP: 55/72 MP: 0/0
  8614 | D:7      | Found a transporter.
  8711 | D:7      | Noticed askman's ghost (novice DsFi)
  8881 | D:7      | Found a transporter.
  9434 | D:8      | Reached * piety under Makhleb
  9565 | D:8      | Reached skill level 1 in Shields
 10404 | D:8      | Noticed Maggie
 10411 | D:8      | Killed Maggie
 10963 | D:9      | Reached ** piety under Makhleb
 11129 | D:9      | Found an ornate altar of the Wu Jian Council.
 11129 | D:9      | Noticed a centaur warrior
 11300 | D:9      | Killed a centaur warrior
 11301 | D:9      | Reached XP level 11. HP: 26/78 MP: 0/0
 11301 | D:9      | Learned a level 4 spell: Petrify
 11986 | D:9      | Noticed a deep elf pyromancer
 11994 | D:9      | Killed a deep elf pyromancer
 12017 | D:9      | Found a glowing silver altar of Zin.
 12562 | D:10     | Entered Level 10 of the Dungeon
 12662 | D:10     | Reached skill level 1 in Short Blades
 13032 | D:10     | Noticed a manticore
 13040 | D:10     | Killed a manticore
 13044 | D:10     | Noticed a two-headed ogre
 13392 | D:10     | Killed a two-headed ogre
 13393 | D:10     | Reached skill level 10 in Dodging
 13831 | D:10     | Reached *** piety under Makhleb
 14427 | D:10     | Found a staircase to the Orcish Mines.
 14625 | D:11     | Found a flagged portal.
 14634 | D:11     | Found a staircase to the Lair.
 14653 | Bailey   | Entered a bailey
 14689 | Bailey   | Noticed an orc knight
 14699 | Bailey   | Killed an orc knight
 14848 | Bailey   | Reached **** piety under Makhleb
 14852 | Bailey   | Reached XP level 12. HP: 77/86 MP: 0/0
 15142 | D:11     | Noticed Psyche
 15146 | D:11     | Killed Psyche
 15468 | D:11     | Reached skill level 5 in Invocations
 15760 | D:11     | Noticed a two-headed ogre
 15771 | D:11     | Killed a two-headed ogre
 16597 | Lair:1   | Entered Level 1 of the Lair of Beasts
 16818 | Lair:1   | Noticed Harold
 16960 | Lair:1   | Noticed a four-headed hydra
 17023 | Lair:1   | Killed Harold
 17024 | Lair:1   | Reached skill level 5 in Shields
 17104 | Lair:1   | Killed a four-headed hydra
 17567 | Lair:1   | Noticed a six-headed hydra
 17571 | Lair:1   | Killed a six-headed hydra
 17572 | Lair:1   | Reached skill level 10 in Spellcasting
 17676 | Lair:1   | Reached ***** piety under Makhleb
 17853 | Lair:1   | Reached XP level 13. HP: 92/92 MP: 0/0
 17853 | Lair:1   | Learned a level 5 spell: Silence
 18188 | Lair:2   | Found a staircase to the Shoals.
 18191 | Lair:2   | Reached skill level 10 in Shields
 18191 | Lair:2   | Reached XP level 14. HP: 98/98 MP: 0/0
 18192 | Lair:2   | Reached XP level 15. HP: 103/103 MP: 0/0
 18192 | Lair:2   | Learned a level 6 spell: Death Channel
 19668 | Lair:3   | Found a hole to the Spider Nest.
 20269 | Lair:3   | You are sucked into a shaft and drop 1 floor!
 20355 | Lair:4   | Noticed Nessos
 20367 | Lair:4   | Killed Nessos
 20860 | Lair:4   | Found a bloodstained altar of Trog.
 22631 | Lair:5   | Reached skill level 5 in Short Blades
 23017 | Lair:5   | Reached XP level 16. HP: 53/112 MP: 0/0
 23429 | Lair:5   | Reached ****** piety under Makhleb
 23939 | Lair:6   | Entered Level 6 of the Lair of Beasts
 24926 | Lair:6   | HP: 3/112 [death yak (21)]
 24926 | Lair:6   | Demolished by a death yak

Illustrated notes

Levels and vault maps discovered:
D:1:      dpeg_arrival_fog, layout_loops_ring,
          ebering_ecumenical_altar_abandoned, hangedman_feature_mirror
D:2:      layout_basic
D:3:      layout_loops_ring, mainiacjoe_overflow_tiny_flanked,
          minmay_misc_feat_square, uniq_ijyb
D:4:      layout_rooms
D:5:      layout_rooms, chequers_temple_overflow_minitemple, serial_undead,
          serial_undead_c, serial_undead_a, serial_undead_e, serial_undead_f,
          serial_undead_f, serial_undead_e, uniq_grinder
D:6:      layout_loops_cross, minmay_temple_entry_overgrown, guppyfry_shop_venom
D:7:      wad_crossroads, layout_basic, gammafunk_ghost_stat_death
D:8:      layout_basic, uniq_maggie
D:9:      layout_irregular_city, hangedman_feature_mirror,
          minmay_misc_feat_pillars
D:10:     layout_loops_ring, david_orc_4, chequers_serial_rivers_small_3
D:11:     layout_grid_maze, lair_entry_dummy, enter_bailey_5,
          nicolae_lava_and_water, eino_house_with_fridge, uniq_psyche
D:12:     layout_basic, special_room [special_room_orc],
          nrook_guardian_serpent_double
Temple:   eino_temple_scatter_basement
Lair:1:   layout_roguey, grunt_megastairs_2, serial_bayou_shore_b, uniq_harold
Lair:2:   layout_cave_pods, minmay_shoals_entry_beasts,
          lightli_volcano_entry_magma_tube, lemuel_fruit_tree
Lair:3:   layout_loops_ring, nicolae_spider_entry_tight_spaces,
          minmay_lair_oklob_chamber
Lair:4:   layout_roguey, basic_altar, beast_lair_carwin_2, grunt_megastairs_3,
          serial_bayou_shore_b, uniq_nessos
Lair:5:   layout_regular_city, minmay_slime_entry_oklob_enclosed,
          lemuel_old_faithful
Lair:6:   hellmonk_lair_end_abyssal_woods, layout_cave_shapes, st_stairs_10,
          serial_bayou_shore_b

Skill      XL: |  1  2  3  4  5  6  7  8  9 10 11 12 13 14 15 16 |
---------------+-------------------------------------------------+-----
Dodging        | 3 4 5 6 7 9 10 11 12 | 12.8
Fighting       | 1 2 3 4 6 7 8 9 |  9.3
Spellcasting   | 4 5 6 7 8 9 10 11 | 11.3
Invocations    | 1 3 4 6 8 9 |  9.1
Shields        | 2 4 5 10 12 | 12.8
Short Blades   | 3 4 5 |  5.7
Stealth        | 3 4 |  4.6

Action                   |  1- 3 |  4- 6 |  7- 9 | 10-12 | 13-15 | 16-18 || total
-------------------------+-------+-------+-------+-------+-------+-------++-------
Melee: Dagger            |     2 |    26 |    96 |       |       |       ||   124
       Staff             |       |       |     6 |       |       |       ||     6
       Scimitar          |       |       |    23 |     5 |       |       ||    28
       Rapier            |       |       |       |   105 |   133 |    70 ||   308
 Cast: Freeze            |    42 |     6 |     1 |     3 |     4 |       ||    56
       Frozen Ramparts   |     5 |    23 |    30 |    68 |    44 |    18 ||   188
       Ozocubu's Armour  |       |     4 |     8 |    17 |     5 |     2 ||    36
       Hailstorm         |       |       |    16 |    39 |    23 |    12 ||    90
       Inner Flame       |       |       |    10 |    42 |    39 |    24 ||   115
       Poisonous Vapours |       |       |     2 |    25 |     9 |       ||    36
       Petrify           |       |       |       |     1 |     4 |       ||     5
       Cause Fear        |       |       |       |     1 |       |       ||     1
       Summon Small Mamm |       |       |       |     1 |       |       ||     1
       Death Channel     |       |       |       |       |     1 |       ||     1
Evoke: Wand              |       |       |     3 |       |       |       ||     3
  Use: Scroll            |     5 |     2 |     3 |    10 |     4 |       ||    24
       Potion            |       |       |       |       |     2 |       ||     2
 Stab: Sleeping          |     1 |     1 |       |       |       |       ||     2
       Paralysed         |       |       |     4 |       |       |       ||     4
       Petrified         |       |       |       |     1 |       |       ||     1
Armor: Robe              |     8 |    14 |    78 |    61 |    39 |     5 ||   205
Dodge: Dodged            |    23 |    28 |    99 |   116 |    65 |    33 ||   364
Block: Kite shield       |       |       |       |    66 |    68 |    48 ||   182
       Rpst.: Scimitar   |       |       |     3 |     1 |       |       ||     4

Table legend: (Time is in decaauts)
 A = Elapsed time spent in this place.
 B = Non-inter-level travel time spent in this place.
 C = Inter-level travel time spent in this place.
 D = Time resting spent in this place.
 E = Time spent auto-exploring this place.
 F = Levels seen in this place.
 G = Mean time per level.
                   A        B        C        D        E       F      G
               +--------+--------+--------+--------+--------+-----+--------+
         Total |  24970 |  24309 |    661 |   1649 |  19108 |  20 | 1248.5 |
       Dungeon |  16121 |  15670 |    451 |    544 |  13265 |  12 | 1343.4 |
        Temple |    209 |    192 |     17 |      0 |    187 |   1 |  209.0 |
          Lair |   8241 |   8049 |    192 |   1105 |   5457 |   6 | 1373.5 |
        Bailey |    397 |    397 |      0 |      0 |    199 |   1 |  397.0 |
               +--------+--------+--------+--------+--------+-----+--------+

Top non-repeatable levels by time:
     D:6: 2015 daAuts
     D:9: 1854 daAuts
  Lair:1: 1841 daAuts
    D:10: 1752 daAuts
     D:5: 1740 daAuts
     D:8: 1716 daAuts
    D:11: 1696 daAuts
  Lair:3: 1693 daAuts
  Lair:5: 1495 daAuts
     D:7: 1470 daAuts
  Lair:4: 1378 daAuts
     D:1: 1142 daAuts
  Lair:2: 1090 daAuts
     D:3: 1083 daAuts
     D:2: 969 daAuts
